 Dungeon Crawl Stone Soup version 0.31-a0-865-g3d5d91748a (webtiles) character file.

Game seed: 17871425450382313982

39 tabstorm the Poker (level 3, 0/28 HPs)
             Began as a Merfolk Gladiator on Oct 11, 2023.
             Was a Follower of Zin.
             Slain by an orc
             ... wielding a +0 flail
              (4 damage)
             ... on level 3 of the Dungeon.
             The game lasted 00:02:39 (1431 turns).

tabstorm the Poker (Merfolk Gladiator)              Turns: 1431, Time: 00:02:40

Health: 0/28       AC:  5    Str: 16    XL:     3   Next: 45%
Magic:  3/3        EV: 13    Int:  7    God:    Zin [*.....]
Gold:   92         SH:  0    Dex: 15    Spells: 2/2 levels left

rFire   . . .        a - +0 trident
rCold   . . .        (no shield)
rNeg    . . .        b - +0 leather armour
rPois   .            c - +0 helmet
rElec   .            i - +0 cloak
rCorr   .            (no gloves)
SInv    .            (no boots)
Will    .....        (no amulet)
Stlth   +            (no ring)
HPRegen 0.24/turn    (no ring)
MPRegen 0.08/turn

%: no passive effects
@: no status effects
A: (nimble swimmer 2), mertail
a: Renounce Religion, Recite, Donate Gold


You were on level 3 of the Dungeon.
You worshipped Zin.
Zin was aware of your devotion.
You visited 1 branch of the dungeon, and saw 3 of its levels.

You collected 102 gold pieces.
You donated 10 gold pieces to Zin.

Inventory:

Hand Weapons
 a - a +0 trident (weapon)
 o - a +3 heavy trident
Missiles
 d - 3 throwing nets (quivered)
 e - a javelin
Armour
 b - a +0 leather armour (worn)
 c - a +0 helmet (worn)
 i - a +0 cloak (worn)
Scrolls
 g - a scroll of noise {unknown}
 h - a scroll of poison {unknown}
 k - a scroll of amnesia {unknown}
 l - a scroll of identify {unknown}
 n - a scroll of torment {unknown}
Potions
 f - 2 potions of curing {unknown}
 j - a potion of cancellation {unknown}
 m - a potion of enlightenment {unknown}


   Skills:
 + Level 2.5 Fighting
 * Level 5.5 Polearms
 - Level 2.0 Throwing
 - Level 4.0 Dodging
 + Level 0.3 Invocations


You had 2 spell levels left.
You didn't know any spells.
Your spell library contained the following spells:

 Spells                   Type           Power      Damage    Failure   Level
 Shock                    Conj/Air       0%         1d3       50%         1
 Swiftness                Air            0%         N/A       86%         3
 Airstrike                Air            0%         2d(0-16)  99%         4
 Leda's Liquefaction      Hex/Erth       0%         N/A       99%         4
 Lee's Rapid Deconstruct  Erth           0%         3d4*      100%        5
 Bombard                  Conj/Erth      0%         9d1       100%        6


Dungeon Overview and Level Annotations

Branches:
Dungeon (3/15)

Altars:
Ashenzari
Kikubaaqudgha
Makhleb
Trog
Zin


Innate Abilities, Weirdness & Mutations

((You are very nimble when in or above water. (Stealth+, EV+, Speed+++)))
Your lower body shifts to a powerful aquatic tail in water.


Message History

The orc hits you with a +0 short sword.
You hit the orc.
The orc is lightly wounded.
The orc hits you with a +0 flail. The orc closely misses you.
You closely miss the orc.
The orc is lightly wounded.
The orc hits you with a +0 flail.
A ball python comes into view.
The orc closely misses you.
You are too injured to fight recklessly!
The orc throws a boomerang.
The boomerang closely misses you.
The orc throws a boomerang.
The boomerang hits you.
The orc throws a boomerang.
The boomerang misses you.
You start resting.
An orc is nearby!
You are too injured to fight recklessly!
You are too injured to fight recklessly!
You are too injured to fight recklessly!
Reach: a) +0 trident
Press: ? - help, Dir - move target, f - orc
Aim: an orc, wielding a +0 short sword, wearing a +0 leather armour and quivering boomerangs (about 40% to evade your +0 trident)
You reach to attack!
You puncture the orc!
You kill the orc!
Reach: a) +0 trident
Press: ? - help, Dir - move target, f - orc
Aim: an orc, wielding a +0 falchion (about 40% to evade your +0 trident)
You reach to attack!
You barely miss the orc. You barely miss the orc.
The orc hits you with a +0 falchion.
You puncture the orc!
You kill the orc!
You hit the ball python but do no damage.
The ball python misses you. The ball python barely misses you.
You hit the ball python.
You kill the ball python!
You closely miss the orc. The orc hits you with a +0 flail!
* * * LOW HITPOINT WARNING * * *
You hit the orc.
The orc is severely wounded.
The orc hits you with a +0 flail.
You die...

+......................
####...#.########....##
##.##.# ##.##### ####.#
#..###_⌠ #...# #..##...
## ### #.### #..###.. #
#. ..# #.# #..#⌠... #
#.##.###.# #.# #.####..
... .....#.# #@#
#.##8...
##...#.#o#.###o#
#.####..
#.....)S.o...).#
#[.#_...
##...###########
######.. #. #... #8..
#... #.## #...


You could see an orc.

Vanquished Creatures
  A dart slug (D:1)
  4 orcs (D:3)
  4 ball pythons
  2 endoplasms
  2 giant cockroaches (D:1)
  2 goblins (D:1)
  3 hobgoblins
  A quokka (D:1)
  A bat (D:2)
  2 frilled lizards
  5 kobolds
  6 rats
33 creatures vanquished.

Notes
Turn   | Place    | Note
-------+----------+-------------------------------------------
     0 | D:1      | tabstorm the Merfolk Gladiator began the quest for the Orb.
     0 | D:1      | Reached XP level 1. HP: 16/16 MP: 1/1
   141 | D:1      | Reached XP level 2. HP: 18/22 MP: 2/2
   427 | D:1      | Reached skill level 5 in Polearms
   839 | D:2      | Reached XP level 3. HP: 28/28 MP: 3/3
  1312 | D:3      | Found an ancient bone altar of Kikubaaqudgha.
  1314 | D:3      | Found a broken altar of Ashenzari.
  1314 | D:3      | Found a bloodstained altar of Trog.
  1318 | D:3      | Found a glowing silver altar of Zin.
  1321 | D:3      | Found a burning altar of Makhleb.
  1324 | D:3      | Became a worshipper of Zin the Law-Giver
  1324 | D:3      | Reached * piety under Zin
  1431 | D:3      | Slain by an orc

Illustrated notes

Levels and vault maps discovered:
D:1:      minmay_arrival_loop, layout_loops_ring
D:2:      layout_rooms
D:3:      layout_loops_corners, minitemple, nicolae_wu_jian_immortal_techniques

Skill      XL: |  1  2 |
---------------+-------+-----
Polearms       | 5 |  5.5
Fighting       | |  2.5
Throwing       | |  2.0
Dodging        | |  4.0
Invocations    | |  0.3

Action                     || total
---------------------------++-------
  Melee: Trident           ||   108
   Stab: Sleeping          ||     3
 Armour: Leather armour    ||    43
  Dodge: Dodged            ||    39

Table legend: (Time is in decaauts)
 A = Elapsed time spent in this place.
 B = Non-inter-level travel time spent in this place.
 C = Inter-level travel time spent in this place.
 D = Time resting spent in this place.
 E = Time spent auto-exploring this place.
 F = Levels seen in this place.
 G = Mean time per level.
                   A        B        C        D        E       F      G
               +--------+--------+--------+--------+--------+-----+--------+
         Total |   1437 |   1377 |     60 |      3 |   1131 |   3 |  479.0 |
       Dungeon |   1437 |   1377 |     60 |      3 |   1131 |   3 |  479.0 |
               +--------+--------+--------+--------+--------+-----+--------+

Top non-repeatable levels by time:
     D:1: 813 daAuts
     D:2: 356 daAuts
     D:3: 267 daAuts
